Inferno vs Punishers
Created - 30 octobre 2013 at 23:09
Goals
|
| Inferno |
3 |
0 |
3 |
6 |
| Punishers |
0 |
1 |
1 |
2 |
|
Shots
|
| Inferno |
18 |
10 |
11 |
39 |
| Punishers |
11 |
12 |
11 |
34 |
|
1st period
1. Inferno , Andrej Meszaros 1 (Stephane Veilleux) at 6:05
2. Inferno , Mikhail Grabovski 4 (Brad Marchand, Josh Harding) at 18:19 (PP)
3. Inferno , Mikhail Grabovski 5 (Jonathan Ferland) at 19:51
Penalties :
Tanner Glass (Pro) for Hooking (Minor) at 2:58, Petteri Nokelainen (Pro) for Hooking (Minor) at 18:05
2nd period
4. Punishers , Viktor Stalberg 4 (Mike Grier, Alyn McCauley) at 11:55
Penalties :
Derek Meech (Anc) for Interference (Minor) at 0:26, Jozef Balej (Anc) for Interference (Minor) at 7:00, Alyn McCauley (Pro) for Roughing (Minor) at 12:04
3rd period
5. Inferno , Jozef Balej 4 (Stephane Veilleux) at 3:12
6. Inferno , Alex Berry 1 (Brendan Smith, Jonathan Ferland) at 7:10
7. Punishers , Jimmie Olvestad 6 (John Mitchell, Adam Pineault) at 9:40
8. Inferno , Andrej Meszaros 2 (Derek Meech, Brad Marchand) at 13:58 (PP)
Penalties :
Colin Wilson (Anc) for Holding (Minor) at 0:32, Mike Grier (Pro) for Roughing (Minor) at 5:01, Adam Pineault (Pro) for Hooking (Minor) at 13:44, John Mitchell (Pro) for Fighting (Major) at 16:10, Brad Marchand (Anc) for Fighting (Major) at 16:10
Goalie Stats
Josh Harding (Anc), 32 saves from 34 shots - (0,941), W, 3-0-0, 60:00 minutes
Karri Ramo (Pro), 33 saves from 39 shots - (0,846), L, 2-2-0, 60:00 minutes
Players Stats for Inferno
Player Name G A P +/- PIM S H SB GA TA FO MP PP MP PK MP
------------------------------------------------------------------------------------
Alex Berry 1 0 1 1 0 1 0 2 0 1 0/0 10:56 0:00 0:00
Andrej Meszaros 2 0 2 1 0 4 3 0 0 1 0/0 25:12 3:41 3:35
Andrej Sekera 0 0 0 1 0 0 0 1 0 1 0/0 23:28 2:44 3:01
Brad Marchand 0 2 2 0 5 4 2 0 1 0 0/1 20:54 3:42 2:22
Brendan Mikkelson 0 0 0 0 0 0 0 1 0 1 0/0 13:03 0:00 0:29
Brendan Smith 0 1 1 1 0 4 1 0 0 0 0/0 21:19 2:44 2:37
Brian Boyle 0 0 0 1 0 2 2 0 0 1 3/7 13:32 0:00 2:58
Colin Wilson 0 0 0 2 2 1 1 0 0 0 6/10 14:23 2:43 0:00
Derek Meech 0 1 1 1 2 2 0 2 2 0 0/0 26:50 3:41 2:12
Jonathan Ferland 0 2 2 0 0 0 1 1 1 0 3/4 21:34 3:42 3:03
Jozef Balej 1 0 1 2 2 2 0 0 0 2 0/0 12:39 0:00 0:00
Matt Kassian 0 0 0 -1 0 2 1 1 0 0 0/0 8:22 0:00 0:00
Mikhail Grabovski 2 0 2 0 0 8 1 0 0 0 22/38 22:38 3:42 1:55
Pierre-Luc Létourneau 0 0 0 1 0 1 0 1 0 1 0/0 11:42 0:00 0:04
Stephane Veilleux 0 2 2 2 0 4 0 0 0 0 0/0 15:18 2:43 0:00
Vladimir Sobotka 0 0 0 -1 0 2 0 1 0 0 3/4 9:54 0:00 1:32
Vladimir Zharkov 0 0 0 -1 0 2 1 0 2 0 0/0 10:46 2:43 0:00
Yannick Weber 0 0 0 0 0 0 0 0 0 0 0/0 11:29 0:00 0:00
Players Stats for Punishers
Player Name G A P +/- PIM S H SB GA TA FO MP PP MP PK MP
------------------------------------------------------------------------------------
Adam McQuaid 0 0 0 -1 0 0 0 0 0 0 0/0 7:06 0:00 0:00
Adam Pineault 0 1 1 1 2 3 2 0 1 0 0/1 13:36 0:00 0:00
Alyn McCauley 0 1 1 1 2 0 0 0 0 0 20/34 21:48 3:09 1:59
Brandon McMillan 0 0 0 -2 0 0 0 0 0 0 2/4 9:07 0:00 0:02
Chris Conner 0 0 0 -1 0 1 1 0 1 0 0/0 11:39 2:48 0:00
Jason Demers 0 0 0 -1 0 2 1 3 0 2 0/0 23:36 2:07 3:44
Jean-Luc Grand-Pierre 0 0 0 -1 0 2 1 2 0 0 0/0 19:21 2:07 3:44
Jimmie Olvestad 1 0 1 1 0 5 0 0 2 1 0/0 18:38 2:48 2:06
John Mitchell 0 1 1 0 5 1 3 0 0 0 2/11 15:34 2:48 1:04
Justin Falk 0 0 0 1 0 0 0 0 0 0 0/0 9:01 0:00 0:00
Kris Chucko 0 0 0 -2 0 1 2 0 0 1 0/0 10:33 0:00 0:51
Marc-André Bergeron 0 0 0 0 0 0 0 0 0 1 0/0 16:38 3:50 0:00
Mark Fraser 0 0 0 0 0 0 1 1 0 0 0/0 12:40 0:00 2:41
Mike Blunden 0 0 0 -2 0 2 1 0 0 0 0/0 8:59 0:00 0:00
Mike Grier 0 1 1 0 2 5 0 0 4 0 0/1 21:02 3:09 2:37
Mike Weber 0 0 0 -1 0 1 0 0 0 0 0/0 7:06 0:00 0:00
Petteri Nokelainen 0 0 0 -1 2 1 2 0 0 0 2/10 12:51 0:00 3:20
Tanner Glass 0 0 0 -2 2 2 2 3 0 0 0/1 11:26 0:00 0:51
Tom Gilbert 0 0 0 -1 0 3 1 1 0 1 0/0 24:32 3:50 2:41
Viktor Stalberg 1 0 1 1 0 5 1 0 0 0 1/2 18:16 3:09 0:00
3 Stars
1 - Andrej Meszaros (Anc)
2 - Mikhail Grabovski (Anc)
3 - Stephane Veilleux (Anc)
Power Play
Inferno - 2 on 5 Attempt(s) - 40,00%
Punishers - 0 on 3 Attempt(s) - 0,00%
Penalty Kill
Inferno - 3 on 3 Attempt(s) - 100,00%
- Score 0 goal in Penalty Kill
Punishers - 3 on 5 Attempt(s) - 60,00%
- Score 0 goal in Penalty Kill
Official
Referees : Dwyer Gord and O'Rourke Dan
Linesman : Jean Morin and Jonny Murray
Game Notes
6:05 of 1st period - Inferno goal is going for a video replay. After video review, Goal.
John Mitchell and Brad Marchand fight to a draw at 16:10 of 3rd period
Finance
Level 1 -- Attendance: 1489 (74,45%) -- Ticket Income 52 115 $
Level 2 -- Attendance: 750 (75,00%) -- Ticket Income 11 250 $
Total Attendance: 2239 (74,63%)
Total Ticket Income: 63 365 $
Other Income: 3 168 $
Total Income: 66 533 $
Inferno
5 vs 5 Forward
Center Left Wing Right Wing Time % Phy DF OF
1 Mikhail Grabovski Brad Marchand Jonathan Ferland 40 1 2 2
2 Colin Wilson Stephane Veilleux Jozef Balej 30 1 2 2
3 Brian Boyle Pierre-Luc Létourneau Alex Berry 20 1 2 2
4 Vladimir Sobotka Matt Kassian Vladimir Zharkov 10 1 2 2
5 vs 5 Defense
Defense Defense Time % Phy DF OF
1 Derek Meech Andrej Meszaros 40 1 2 2
2 Brendan Smith Andrej Sekera 30 1 2 2
3 Brendan Mikkelson Yannick Weber 20 1 2 2
4 Derek Meech Andrej Sekera 10 1 2 2
PowerPlay Forward
Center Left Wing Right Wing Time % Phy DF OF
1 Mikhail Grabovski Brad Marchand Jonathan Ferland 60 1 2 2
2 Colin Wilson Stephane Veilleux Vladimir Zharkov 40 1 2 2
PowerPlay Defense
Defense Defense Time % Phy DF OF
1 Derek Meech Andrej Meszaros 60 1 2 2
2 Brendan Smith Andrej Sekera 40 1 2 2
Penalty Kill 4 Players Forward
Center Wing Time % Phy DF OF
1 Brian Boyle Jonathan Ferland 60 1 3 1
2 Mikhail Grabovski Brad Marchand 40 1 3 1
Penalty Kill 4 Players Defense
Defense Defense Time % Phy DF OF
1 Derek Meech Andrej Meszaros 60 1 3 1
2 Brendan Smith Andrej Sekera 40 1 3 1
Penalty Kill - 3 Players Forward
Forward Time % Phy DF OF
1 Brian Boyle 60 1 4 0
2 Mikhail Grabovski 40 1 4 0
Penalty Kill - 3 Players Defense
Defense Defense Time % Phy DF OF
1 Derek Meech Andrej Meszaros 60 1 4 0
2 Brendan Smith Andrej Sekera 40 1 4 0
4 vs 4 Forward
Center Wing Time % Phy DF OF
1 Mikhail Grabovski Brad Marchand 60 1 2 2
2 Brian Boyle Jonathan Ferland 40 1 2 2
4 vs 4 Defense
Defense Defense Time % Phy DF OF
1 Derek Meech Andrej Meszaros 60 1 2 2
2 Brendan Smith Andrej Sekera 40 1 2 2
Last Minutes Offensive
Center Left Wing Right Wing Defense Defense
Mikhail Grabovski Brad Marchand Jonathan Ferland Derek Meech Andrej Meszaros
Last Minutes Defensive
Center Left Wing Right Wing Defense Defense
Mikhail Grabovski Brad Marchand Jonathan Ferland Derek Meech Andrej Sekera
Goaltenders
Starting : Josh Harding
Backup : Jonathan Boutin
Extra Forwards
Normal : Stephane Veilleux, Pierre-Luc Létourneau, Jozef Balej - PP : Vladimir Sobotka, Pierre-Luc Létourneau - PK : Vladimir Sobotka
Extra Defensemen
Normal : Andrej Sekera, Brendan Smith, Brendan Mikkelson - PP : Brendan Smith - PK : Andrej Sekera, Brendan Smith
Penalty Shots
Mikhail Grabovski, Colin Wilson, Brad Marchand, Stephane Veilleux, Vladimir Zharkov
Punishers
5 vs 5 Forward
Center Left Wing Right Wing Time % Phy DF OF
1 Alyn McCauley Viktor Stalberg Mike Grier 40 1 2 2
2 John Mitchell Jimmie Olvestad Adam Pineault 30 1 2 2
3 Petteri Nokelainen Kris Chucko Chris Conner 20 1 2 2
4 Brandon McMillan Tanner Glass Mike Blunden 10 1 2 2
5 vs 5 Defense
Defense Defense Time % Phy DF OF
1 Jason Demers Tom Gilbert 40 1 2 2
2 Marc-André Bergeron Jean-Luc Grand-Pierre 30 1 2 2
3 Mark Fraser Justin Falk 20 1 2 2
4 Adam McQuaid Mike Weber 10 1 2 2
PowerPlay Forward
Center Left Wing Right Wing Time % Phy DF OF
1 Alyn McCauley Viktor Stalberg Mike Grier 60 1 2 2
2 John Mitchell Jimmie Olvestad Chris Conner 40 1 2 2
PowerPlay Defense
Defense Defense Time % Phy DF OF
1 Tom Gilbert Marc-André Bergeron 60 1 2 2
2 Jason Demers Jean-Luc Grand-Pierre 40 1 2 2
Penalty Kill 4 Players Forward
Center Wing Time % Phy DF OF
1 Petteri Nokelainen Mike Grier 60 1 2 2
2 Alyn McCauley Tanner Glass 40 1 2 2
Penalty Kill 4 Players Defense
Defense Defense Time % Phy DF OF
1 Jason Demers Jean-Luc Grand-Pierre 60 1 2 2
2 Mark Fraser Tom Gilbert 40 1 2 2
Penalty Kill - 3 Players Forward
Forward Time % Phy DF OF
1 Petteri Nokelainen 60 1 2 2
2 Tanner Glass 40 1 2 2
Penalty Kill - 3 Players Defense
Defense Defense Time % Phy DF OF
1 Jason Demers Jean-Luc Grand-Pierre 60 1 2 2
2 Mark Fraser Tom Gilbert 40 1 2 2
4 vs 4 Forward
Center Wing Time % Phy DF OF
1 Viktor Stalberg Mike Grier 60 1 2 2
2 Alyn McCauley Jimmie Olvestad 40 1 2 2
4 vs 4 Defense
Defense Defense Time % Phy DF OF
1 Tom Gilbert Jason Demers 60 1 2 2
2 Justin Falk Jean-Luc Grand-Pierre 40 1 2 2
Last Minutes Offensive
Center Left Wing Right Wing Defense Defense
Alyn McCauley Viktor Stalberg Mike Grier Tom Gilbert Marc-André Bergeron
Last Minutes Defensive
Center Left Wing Right Wing Defense Defense
Petteri Nokelainen Tanner Glass Mike Grier Jean-Luc Grand-Pierre Jason Demers
Goaltenders
Starting : Karri Ramo
Backup : Curtis McElhinney
Extra Forwards
Normal : Adam Pineault, Tanner Glass, Petteri Nokelainen - PP : Adam Pineault, Tanner Glass - PK : Petteri Nokelainen
Extra Defensemen
Normal : Mark Fraser, Mike Weber, Adam McQuaid - PP : Mark Fraser - PK : Mike Weber, Adam McQuaid
Penalty Shots
Jimmie Olvestad, Viktor Stalberg, Mike Grier, Chris Conner, John Mitchell
% Time on Ice - Inferno
Lines # - Real PCT - Wanted PCT - Time Play
Normal Forward
1 - 36% - 40% - 17:01
2 - 25% - 30% - 11:41
3 - 22% - 20% - 10:34
4 - 18% - 10% - 8:22
Normal Defense
1 - 41% - 40% - 19:40
2 - 30% - 30% - 14:14
3 - 24% - 20% - 11:29
4 - 5% - 10% - 2:15
PP Forward
1 - 58% - 60% - 3:42
2 - 42% - 40% - 2:43
PP Defense
1 - 57% - 60% - 3:41
2 - 43% - 40% - 2:44
PK Forward
1 - 77% - 60% - 4:35
2 - 23% - 40% - 1:22
PK Defense
1 - 62% - 60% - 3:42
2 - 38% - 40% - 2:15
PK3 Forward
1 - 0% - 60%
2 - 0% - 40%
PK3 Defense
1 - 0% - 60%
2 - 0% - 40%
44 Forward
1 - 0% - 60%
2 - 0% - 40%
44 Defense
1 - 0% - 60%
2 - 0% - 40%
Last Minute Offensive - 0:00
Last Minute Defensive - 0:00
Total
Forward - 60:00
Defense - 60:00
|
% Time on Ice - Punishers
Lines # - Real PCT - Wanted PCT - Time Play
Normal Forward
1 - 34% - 40% - 16:05
2 - 27% - 30% - 13:02
3 - 20% - 20% - 9:32
4 - 19% - 10% - 8:59
Normal Defense
1 - 37% - 40% - 17:26
2 - 30% - 30% - 14:05
3 - 19% - 20% - 9:01
4 - 15% - 10% - 7:06
PP Forward
1 - 53% - 60% - 3:09
2 - 47% - 40% - 2:48
PP Defense
1 - 64% - 60% - 3:50
2 - 36% - 40% - 2:07
PK Forward
1 - 78% - 60% - 4:59
2 - 22% - 40% - 1:26
PK Defense
1 - 58% - 60% - 3:44
2 - 42% - 40% - 2:41
PK3 Forward
1 - 0% - 60%
2 - 0% - 40%
PK3 Defense
1 - 0% - 60%
2 - 0% - 40%
44 Forward
1 - 0% - 60%
2 - 0% - 40%
44 Defense
1 - 0% - 60%
2 - 0% - 40%
Last Minute Offensive - 0:00
Last Minute Defensive - 0:00
Total
Forward - 60:00
Defense - 60:00
|
Play by Play
1st period
0:01 of 1st period - Alyn McCauley wins face-off versus Mikhail Grabovski in neutral zone.
1:16 of 1st period - Slapshot by Vladimir Sobotka.
1:16 of 1st period - Stopped by Karri Ramo without a rebound.
1:17 of 1st period - Mikhail Grabovski wins face-off versus Alyn McCauley in Punishers zone.
1:51 of 1st period - Slapshot by Stephane Veilleux.
1:51 of 1st period - Stopped by Karri Ramo without a rebound.
1:52 of 1st period - Petteri Nokelainen wins face-off versus Mikhail Grabovski in Punishers zone.
1:52 of 1st period - Petteri Nokelainen is hit by Andrej Meszaros.
2:51 of 1st period - Slapshot by Andrej Meszaros.
2:51 of 1st period - Shot Misses the Net.
2:53 of 1st period - Slapshot by Derek Meech.
2:53 of 1st period - Stopped by Karri Ramo with a rebound.
2:58 of 1st period - Minor Penalty to Tanner Glass for Hooking.
2:59 of 1st period - Mikhail Grabovski wins face-off versus Petteri Nokelainen in Punishers zone.
3:08 of 1st period - Snap shot by Mikhail Grabovski.
3:08 of 1st period - Shot Misses the Net.
3:10 of 1st period - Snap shot by Brad Marchand.
3:10 of 1st period - Stopped by Karri Ramo with a rebound.
3:12 of 1st period - Slapshot by Brendan Smith.
3:12 of 1st period - Stopped by Karri Ramo without a rebound.
3:13 of 1st period - Petteri Nokelainen wins face-off versus Mikhail Grabovski in Punishers zone.
4:58 of 1st period - Penalty to Tanner Glass is over, Tanner Glass is back on ice.
5:05 of 1st period - Snap shot by Jimmie Olvestad.
5:05 of 1st period - Stopped by Josh Harding with a rebound.
5:07 of 1st period - Slapshot by Alyn McCauley.
5:07 of 1st period - Shot Misses the Net.
5:09 of 1st period - Snap shot by Tanner Glass.
5:09 of 1st period - Shot Misses the Net.
5:11 of 1st period - Wrist shot by Tanner Glass.
5:11 of 1st period - Stopped by Josh Harding with a rebound.
5:13 of 1st period - Slapshot by Alyn McCauley.
5:13 of 1st period - Shot Blocked by Alex Berry.
5:45 of 1st period - Wrist shot by Brian Boyle.
5:45 of 1st period - Stopped by Karri Ramo without a rebound.
5:46 of 1st period - Colin Wilson wins face-off versus Petteri Nokelainen in Punishers zone.
5:51 of 1st period - Wrist shot by Colin Wilson.
5:51 of 1st period - Stopped by Karri Ramo with a rebound.
5:53 of 1st period - Slapshot by Andrej Meszaros.
5:53 of 1st period - Deflect By Stephane Veilleux.
5:53 of 1st period - Shot Misses the Net.
5:53 of 1st period - Puck is out of play.
5:54 of 1st period - Colin Wilson wins face-off versus Petteri Nokelainen in Punishers zone.
6:03 of 1st period - Slapshot by Andrej Meszaros.
6:03 of 1st period - Shot Hit the Post.
6:05 of 1st period - Snap shot by Andrej Meszaros.
6:05 of 1st period - Inferno goal is going for a video replay.
6:05 of 1st period - The goal is good.
6:05 of 1st period - Goal by Andrej Meszaros - Inferno : 1 - Punishers : 0.
6:06 of 1st period - Mikhail Grabovski wins face-off versus Petteri Nokelainen in neutral zone.
7:16 of 1st period - Alyn McCauley is hit by Andrej Meszaros and loses puck.
8:06 of 1st period - Snap shot by Mikhail Grabovski.
8:06 of 1st period - Shot Hit the Post.
8:08 of 1st period - Snap shot by Mikhail Grabovski.
8:08 of 1st period - Shot Misses the Net.
8:10 of 1st period - Snap shot by Jonathan Ferland.
8:10 of 1st period - Shot Misses the Net.
8:12 of 1st period - Snap shot by Mikhail Grabovski.
8:12 of 1st period - Stopped by Karri Ramo without a rebound.
8:13 of 1st period - Colin Wilson wins face-off versus John Mitchell in Punishers zone.
8:14 of 1st period - Wrist shot by Stephane Veilleux.
8:14 of 1st period - Stopped by Karri Ramo with a rebound.
8:22 of 1st period - Snap shot by Adam Pineault.
8:22 of 1st period - Deflect By Jimmie Olvestad.
8:22 of 1st period - Stopped by Josh Harding with a rebound.
8:34 of 1st period - Snap shot by Jimmie Olvestad.
8:34 of 1st period - Stopped by Josh Harding without a rebound.
8:35 of 1st period - Alyn McCauley wins face-off versus Mikhail Grabovski in Inferno zone.
8:38 of 1st period - Slapshot by Viktor Stalberg.
8:38 of 1st period - Stopped by Josh Harding without a rebound.
8:39 of 1st period - Mikhail Grabovski wins face-off versus Alyn McCauley in Inferno zone.
8:54 of 1st period - Snap shot by Brad Marchand.
8:54 of 1st period - Shot Misses the Net.
9:08 of 1st period - Snap shot by Jimmie Olvestad.
9:08 of 1st period - Shot Misses the Net.
9:10 of 1st period - Backhand shot by Adam Pineault.
9:10 of 1st period - Stopped by Josh Harding without a rebound.
9:11 of 1st period - Mikhail Grabovski wins face-off versus John Mitchell in Inferno zone.
9:18 of 1st period - Wrist shot by John Mitchell.
9:18 of 1st period - Stopped by Josh Harding with a rebound.
9:43 of 1st period - Snap shot by Viktor Stalberg.
9:43 of 1st period - Stopped by Josh Harding without a rebound.
9:44 of 1st period - Jonathan Ferland wins face-off versus Alyn McCauley in Inferno zone.
9:55 of 1st period - Snap shot by Mike Grier.
9:55 of 1st period - Stopped by Josh Harding without a rebound.
9:56 of 1st period - Alyn McCauley wins face-off versus Mikhail Grabovski in Inferno zone.
10:04 of 1st period - Snap shot by Alyn McCauley.
10:04 of 1st period - Shot Misses the Net.
10:12 of 1st period - Snap shot by Mike Grier.
10:12 of 1st period - Stopped by Josh Harding with a rebound.
10:53 of 1st period - Pierre-Luc Létourneau is hit by John Mitchell and loses puck.
11:05 of 1st period - Icing by Tom Gilbert.
11:06 of 1st period - Vladimir Sobotka wins face-off versus John Mitchell in Punishers zone.
11:11 of 1st period - Wrist shot by Jonathan Ferland.
11:11 of 1st period - Shot Blocked by Jason Demers.
12:38 of 1st period - Snap shot by Vladimir Zharkov.
12:38 of 1st period - Deflect By Mike Grier.
12:38 of 1st period - Shot Misses the Net.
12:38 of 1st period - Puck is out of play.
12:39 of 1st period - Mikhail Grabovski wins face-off versus Alyn McCauley in Punishers zone.
13:42 of 1st period - Marc-André Bergeron is hit by Brian Boyle and loses puck.
14:13 of 1st period - Slapshot by Marc-André Bergeron.
14:13 of 1st period - Deflect By Tanner Glass.
14:13 of 1st period - Stopped by Josh Harding with a rebound.
14:39 of 1st period - Snap shot by Stephane Veilleux.
14:39 of 1st period - Stopped by Karri Ramo without a rebound.
14:40 of 1st period - Alyn McCauley wins face-off versus Colin Wilson in Punishers zone.
14:43 of 1st period - Snap shot by Stephane Veilleux.
14:43 of 1st period - Shot Misses the Net.
14:45 of 1st period - Slapshot by Stephane Veilleux.
14:45 of 1st period - Shot Blocked by Mark Fraser.
14:47 of 1st period - Wrist shot by Brendan Smith.
14:47 of 1st period - Stopped by Karri Ramo without a rebound.
14:48 of 1st period - Alyn McCauley wins face-off versus Colin Wilson in Punishers zone.
14:59 of 1st period - Wrist shot by Stephane Veilleux.
14:59 of 1st period - Stopped by Karri Ramo with a rebound.
15:01 of 1st period - Slapshot by Colin Wilson.
15:01 of 1st period - Shot Misses the Net.
15:03 of 1st period - Slapshot by Stephane Veilleux.
15:03 of 1st period - Shot Misses the Net.
15:15 of 1st period - Wrist shot by Jimmie Olvestad.
15:15 of 1st period - Shot Blocked by Andrej Sekera.
15:58 of 1st period - Derek Meech is hit by Mike Blunden and loses puck.
16:31 of 1st period - Slapshot by Andrej Meszaros.
16:31 of 1st period - Shot Blocked by Tom Gilbert.
16:33 of 1st period - Slapshot by Andrej Meszaros.
16:33 of 1st period - Shot Hit the Post.
17:12 of 1st period - Snap shot by Vladimir Sobotka.
17:12 of 1st period - Shot Misses the Net.
17:14 of 1st period - Snap shot by Matt Kassian.
17:14 of 1st period - Stopped by Karri Ramo with a rebound.
17:16 of 1st period - Snap shot by Matt Kassian.
17:16 of 1st period - Stopped by Karri Ramo with a rebound.
17:18 of 1st period - Wrist shot by Vladimir Sobotka.
17:18 of 1st period - Deflect By Vladimir Zharkov.
17:18 of 1st period - Stopped by Karri Ramo without a rebound.
17:19 of 1st period - Mikhail Grabovski wins face-off versus Alyn McCauley in Punishers zone.
17:44 of 1st period - Brendan Smith is hit by Jean-Luc Grand-Pierre.
18:05 of 1st period - Minor Penalty to Petteri Nokelainen for Hooking.
18:06 of 1st period - Alyn McCauley wins face-off versus Jonathan Ferland in Punishers zone.
18:19 of 1st period - Wrist shot by Mikhail Grabovski.
18:19 of 1st period - Goal by Mikhail Grabovski - Inferno : 2 - Punishers : 0.
18:20 of 1st period - Alyn McCauley wins face-off versus Mikhail Grabovski in neutral zone.
18:23 of 1st period - Snap shot by Mike Grier.
18:23 of 1st period - Deflect By Viktor Stalberg.
18:23 of 1st period - Shot Misses the Net.
18:23 of 1st period - Puck is out of play.
18:24 of 1st period - Alyn McCauley wins face-off versus Mikhail Grabovski in Inferno zone.
19:16 of 1st period - Pierre-Luc Létourneau is hit by Kris Chucko and loses puck.
19:51 of 1st period - Snap shot by Mikhail Grabovski.
19:51 of 1st period - Goal by Mikhail Grabovski - Inferno : 3 - Punishers : 0.
19:52 of 1st period - Mikhail Grabovski wins face-off versus Alyn McCauley in neutral zone.
2nd period
0:01 of 2nd period - Alyn McCauley wins face-off versus Mikhail Grabovski in neutral zone.
0:08 of 2nd period - Wrist shot by Brad Marchand.
0:08 of 2nd period - Stopped by Karri Ramo without a rebound.
0:09 of 2nd period - Mikhail Grabovski wins face-off versus Alyn McCauley in Punishers zone.
0:10 of 2nd period - Wrist shot by Brad Marchand.
0:10 of 2nd period - Shot Misses the Net.
0:12 of 2nd period - Snap shot by Brad Marchand.
0:12 of 2nd period - Shot Blocked by Jason Demers.
0:22 of 2nd period - Snap shot by Mikhail Grabovski.
0:22 of 2nd period - Stopped by Karri Ramo without a rebound.
0:23 of 2nd period - Mikhail Grabovski wins face-off versus Adam Pineault in Punishers zone.
0:24 of 2nd period - Slapshot by Andrej Meszaros.
0:24 of 2nd period - Stopped by Karri Ramo with a rebound.
0:26 of 2nd period - Wrist shot by Mikhail Grabovski.
0:26 of 2nd period - Stopped by Karri Ramo without a rebound.
0:26 of 2nd period - Minor Penalty to Derek Meech for Interference.
0:27 of 2nd period - Viktor Stalberg wins face-off versus Brian Boyle in Inferno zone.
0:32 of 2nd period - Wrist shot by Mike Grier.
0:32 of 2nd period - Deflect By Andrej Meszaros.
0:32 of 2nd period - Shot Blocked by Jonathan Ferland.
0:32 of 2nd period - Puck is out of play.
0:33 of 2nd period - Brian Boyle wins face-off versus Alyn McCauley in Inferno zone.
2:26 of 2nd period - Penalty to Derek Meech is over, Derek Meech is back on ice.
2:36 of 2nd period - Snap shot by Tanner Glass.
2:36 of 2nd period - Deflect By Mike Blunden.
2:36 of 2nd period - Stopped by Josh Harding with a rebound.
2:52 of 2nd period - Brendan Smith is hit by Petteri Nokelainen and loses puck.
3:00 of 2nd period - Icing by Andrej Sekera.
3:01 of 2nd period - Brandon McMillan wins face-off versus Mikhail Grabovski in Inferno zone.
3:28 of 2nd period - Snap shot by Brad Marchand.
3:28 of 2nd period - Shot Blocked by Tanner Glass.
3:55 of 2nd period - Icing by Mikhail Grabovski.
3:56 of 2nd period - Mikhail Grabovski wins face-off versus Alyn McCauley in Inferno zone.
4:07 of 2nd period - Wrist shot by Alyn McCauley.
4:07 of 2nd period - Shot Misses the Net.
4:09 of 2nd period - Wrist shot by Mike Grier.
4:09 of 2nd period - Stopped by Josh Harding without a rebound.
4:10 of 2nd period - John Mitchell wins face-off versus Colin Wilson in Inferno zone.
5:19 of 2nd period - Jean-Luc Grand-Pierre is hit by Colin Wilson and loses puck.
6:33 of 2nd period - Snap shot by Mikhail Grabovski.
6:33 of 2nd period - Stopped by Karri Ramo with a rebound.
6:57 of 2nd period - Slapshot by Mike Blunden.
6:57 of 2nd period - Stopped by Josh Harding with a rebound.
6:59 of 2nd period - Slapshot by Mike Weber.
6:59 of 2nd period - Stopped by Josh Harding without a rebound.
7:00 of 2nd period - Brandon McMillan wins face-off versus Colin Wilson in Inferno zone.
7:00 of 2nd period - Minor Penalty to Jozef Balej for Interference.
7:01 of 2nd period - Alyn McCauley wins face-off versus Brian Boyle in Inferno zone.
8:28 of 2nd period - John Mitchell is hit by Brad Marchand and loses puck.
9:00 of 2nd period - Penalty to Jozef Balej is over, Jozef Balej is back on ice.
9:25 of 2nd period - Slapshot by Adam Pineault.
9:25 of 2nd period - Stopped by Josh Harding with a rebound.
9:27 of 2nd period - Backhand shot by Petteri Nokelainen.
9:27 of 2nd period - Stopped by Josh Harding without a rebound.
9:28 of 2nd period - Vladimir Sobotka wins face-off versus Petteri Nokelainen in Inferno zone.
9:45 of 2nd period - Snap shot by Kris Chucko.
9:45 of 2nd period - Shot Blocked by Matt Kassian.
9:47 of 2nd period - Snap shot by Adam Pineault.
9:47 of 2nd period - Stopped by Josh Harding with a rebound.
9:49 of 2nd period - Backhand shot by Kris Chucko.
9:49 of 2nd period - Shot Misses the Net.
9:51 of 2nd period - Snap shot by Petteri Nokelainen.
9:51 of 2nd period - Shot Misses the Net.
9:58 of 2nd period - Icing by Vladimir Zharkov.
9:59 of 2nd period - Alyn McCauley wins face-off versus Vladimir Sobotka in Inferno zone.
10:00 of 2nd period - Snap shot by Mike Grier.
10:00 of 2nd period - Shot Blocked by Vladimir Sobotka.
10:06 of 2nd period - Slapshot by Vladimir Zharkov.
10:06 of 2nd period - Stopped by Karri Ramo without a rebound.
10:07 of 2nd period - Alyn McCauley wins face-off versus Mikhail Grabovski in Punishers zone.
10:18 of 2nd period - Snap shot by Mike Grier.
10:18 of 2nd period - Stopped by Josh Harding without a rebound.
10:19 of 2nd period - Jonathan Ferland wins face-off versus Alyn McCauley in Inferno zone.
10:34 of 2nd period - Backhand shot by Tom Gilbert.
10:34 of 2nd period - Deflect By Mikhail Grabovski.
10:34 of 2nd period - Stopped by Josh Harding with a rebound.
11:06 of 2nd period - Derek Meech is hit by Petteri Nokelainen and loses puck.
11:11 of 2nd period - Snap shot by Chris Conner.
11:11 of 2nd period - Shot Misses the Net.
11:31 of 2nd period - Wrist shot by Brad Marchand.
11:31 of 2nd period - Shot Misses the Net.
11:33 of 2nd period - Snap shot by Brad Marchand.
11:33 of 2nd period - Shot Misses the Net.
11:35 of 2nd period - Snap shot by Mikhail Grabovski.
11:35 of 2nd period - Stopped by Karri Ramo with a rebound.
11:55 of 2nd period - Snap shot by Viktor Stalberg.
11:55 of 2nd period - Goal by Viktor Stalberg - Inferno : 3 - Punishers : 1.
11:56 of 2nd period - Alyn McCauley wins face-off versus Mikhail Grabovski in neutral zone.
11:59 of 2nd period - Slapshot by Tom Gilbert.
11:59 of 2nd period - Stopped by Josh Harding with a rebound.
12:04 of 2nd period - Minor Penalty to Alyn McCauley for Roughing.
12:05 of 2nd period - Mikhail Grabovski wins face-off versus Petteri Nokelainen in Punishers zone.
12:21 of 2nd period - Wrist shot by Jonathan Ferland.
12:21 of 2nd period - Shot Misses the Net.
13:26 of 2nd period - John Mitchell is hit by Brad Marchand and loses puck.
14:04 of 2nd period - Penalty to Alyn McCauley is over, Alyn McCauley is back on ice.
14:43 of 2nd period - Brendan Mikkelson is hit by Chris Conner and loses puck.
16:57 of 2nd period - Wrist shot by Vladimir Sobotka.
16:57 of 2nd period - Stopped by Karri Ramo with a rebound.
17:11 of 2nd period - Brandon McMillan is hit by Andrej Meszaros and loses puck.
18:43 of 2nd period - Wrist shot by Brian Boyle.
18:43 of 2nd period - Stopped by Karri Ramo with a rebound.
18:45 of 2nd period - Wrist shot by Brendan Smith.
18:45 of 2nd period - Stopped by Karri Ramo with a rebound.
19:02 of 2nd period - Wrist shot by Kris Chucko.
19:02 of 2nd period - Stopped by Josh Harding without a rebound.
19:03 of 2nd period - Mikhail Grabovski wins face-off versus John Mitchell in Inferno zone.
19:03 of 2nd period - Mikhail Grabovski is hit by John Mitchell.
19:09 of 2nd period - Adam Pineault is hit by Mikhail Grabovski and loses puck.
19:57 of 2nd period - Wrist shot by Chris Conner.
19:57 of 2nd period - Shot Blocked by Alex Berry.
3rd period
0:01 of 3rd period - Alyn McCauley wins face-off versus Mikhail Grabovski in neutral zone.
0:04 of 3rd period - Wrist shot by Mike Grier.
0:04 of 3rd period - Stopped by Josh Harding without a rebound.
0:05 of 3rd period - Mikhail Grabovski wins face-off versus Mike Grier in Inferno zone.
0:21 of 3rd period - Slapshot by Andrej Meszaros.
0:21 of 3rd period - Stopped by Karri Ramo with a rebound.
0:32 of 3rd period - Minor Penalty to Colin Wilson for Holding.
0:33 of 3rd period - Alyn McCauley wins face-off versus Brian Boyle in Inferno zone.
2:32 of 3rd period - Penalty to Colin Wilson is over, Colin Wilson is back on ice.
2:51 of 3rd period - Matt Kassian is hit by Tanner Glass and loses puck.
3:06 of 3rd period - Snap shot by Jozef Balej.
3:06 of 3rd period - Shot Blocked by Tanner Glass.
3:08 of 3rd period - Wrist shot by Stephane Veilleux.
3:08 of 3rd period - Shot Blocked by Tanner Glass.
3:10 of 3rd period - Wrist shot by Stephane Veilleux.
3:10 of 3rd period - Shot Misses the Net.
3:12 of 3rd period - Backhand shot by Jozef Balej.
3:12 of 3rd period - Goal by Jozef Balej - Inferno : 4 - Punishers : 1.
3:13 of 3rd period - Alyn McCauley wins face-off versus Mikhail Grabovski in neutral zone.
3:16 of 3rd period - Slapshot by Viktor Stalberg.
3:16 of 3rd period - Stopped by Josh Harding with a rebound.
3:18 of 3rd period - Wrist shot by Mike Grier.
3:18 of 3rd period - Shot Hit the Post.
3:27 of 3rd period - Andrej Sekera is hit by Mark Fraser and loses puck.
3:40 of 3rd period - Stephane Veilleux is hit by Kris Chucko and loses puck.
3:53 of 3rd period - Snap shot by Chris Conner.
3:53 of 3rd period - Shot Misses the Net.
4:31 of 3rd period - Snap shot by Alyn McCauley.
4:31 of 3rd period - Shot Misses the Net.
4:47 of 3rd period - Snap shot by Mikhail Grabovski.
4:47 of 3rd period - Stopped by Karri Ramo without a rebound.
4:48 of 3rd period - Mikhail Grabovski wins face-off versus Viktor Stalberg in Punishers zone.
4:53 of 3rd period - Wrist shot by Brad Marchand.
4:53 of 3rd period - Deflect By Tom Gilbert.
4:53 of 3rd period - Stopped by Karri Ramo without a rebound.
4:54 of 3rd period - Alyn McCauley wins face-off versus Brad Marchand in Punishers zone.
4:54 of 3rd period - Alyn McCauley is hit by Jonathan Ferland.
5:01 of 3rd period - Minor Penalty to Mike Grier for Roughing.
5:02 of 3rd period - Mikhail Grabovski wins face-off versus Petteri Nokelainen in Punishers zone.
7:01 of 3rd period - Penalty to Mike Grier is over, Mike Grier is back on ice.
7:08 of 3rd period - Slapshot by Brendan Smith.
7:08 of 3rd period - Stopped by Karri Ramo with a rebound.
7:10 of 3rd period - Wrist shot by Alex Berry.
7:10 of 3rd period - Goal by Alex Berry - Inferno : 5 - Punishers : 1.
7:11 of 3rd period - Brian Boyle wins face-off versus John Mitchell in neutral zone.
7:24 of 3rd period - Slapshot by Jean-Luc Grand-Pierre.
7:24 of 3rd period - Shot Blocked by Pierre-Luc Létourneau.
7:51 of 3rd period - Wrist shot by Mike Grier.
7:51 of 3rd period - Shot Misses the Net.
8:05 of 3rd period - Slapshot by Tom Gilbert.
8:05 of 3rd period - Shot Misses the Net.
8:07 of 3rd period - Slapshot by Tom Gilbert.
8:07 of 3rd period - Stopped by Josh Harding without a rebound.
8:08 of 3rd period - Colin Wilson wins face-off versus Brandon McMillan in Inferno zone.
8:08 of 3rd period - Colin Wilson is hit by Tom Gilbert.
8:38 of 3rd period - Wrist shot by Mike Grier.
8:38 of 3rd period - Shot Misses the Net.
8:40 of 3rd period - Backhand shot by Mike Grier.
8:40 of 3rd period - Shot Misses the Net.
8:42 of 3rd period - Snap shot by Mike Grier.
8:42 of 3rd period - Shot Hit the Post.
8:44 of 3rd period - Slapshot by Alyn McCauley.
8:44 of 3rd period - Shot Blocked by Derek Meech.
8:46 of 3rd period - Slapshot by Jason Demers.
8:46 of 3rd period - Stopped by Josh Harding without a rebound.
8:47 of 3rd period - Jonathan Ferland wins face-off versus John Mitchell in Inferno zone.
8:54 of 3rd period - Wrist shot by Jimmie Olvestad.
8:54 of 3rd period - Stopped by Josh Harding with a rebound.
8:56 of 3rd period - Slapshot by Jean-Luc Grand-Pierre.
8:56 of 3rd period - Stopped by Josh Harding without a rebound.
8:57 of 3rd period - Mikhail Grabovski wins face-off versus John Mitchell in Inferno zone.
9:15 of 3rd period - Jonathan Ferland is hit by John Mitchell and loses puck.
9:36 of 3rd period - Wrist shot by Jimmie Olvestad.
9:36 of 3rd period - Shot Blocked by Brendan Mikkelson.
9:38 of 3rd period - Wrist shot by John Mitchell.
9:38 of 3rd period - Shot Misses the Net.
9:40 of 3rd period - Slapshot by Jimmie Olvestad.
9:40 of 3rd period - Goal by Jimmie Olvestad - Inferno : 5 - Punishers : 2.
9:41 of 3rd period - Colin Wilson wins face-off versus Alyn McCauley in neutral zone.
10:12 of 3rd period - Snap shot by Derek Meech.
10:12 of 3rd period - Deflect By Tom Gilbert.
10:12 of 3rd period - Stopped by Karri Ramo with a rebound.
10:15 of 3rd period - Icing by Mike Blunden.
10:16 of 3rd period - Mikhail Grabovski wins face-off versus Brandon McMillan in Punishers zone.
10:57 of 3rd period - Mike Blunden is hit by Matt Kassian.
11:01 of 3rd period - Matt Kassian is hit by Tanner Glass and loses puck.
11:07 of 3rd period - Icing by Matt Kassian.
11:08 of 3rd period - Vladimir Sobotka wins face-off versus Alyn McCauley in Inferno zone.
11:33 of 3rd period - Yannick Weber is hit by Adam Pineault and loses puck.
12:02 of 3rd period - Snap shot by Chris Conner.
12:02 of 3rd period - Stopped by Josh Harding with a rebound.
13:23 of 3rd period - Wrist shot by Viktor Stalberg.
13:23 of 3rd period - Stopped by Josh Harding with a rebound.
13:44 of 3rd period - Minor Penalty to Adam Pineault for Hooking.
13:45 of 3rd period - Mikhail Grabovski wins face-off versus Petteri Nokelainen in Punishers zone.
13:46 of 3rd period - Slapshot by Andrej Meszaros.
13:46 of 3rd period - Shot Blocked by Jean-Luc Grand-Pierre.
13:48 of 3rd period - Wrist shot by Derek Meech.
13:48 of 3rd period - Shot Misses the Net.
13:50 of 3rd period - Slapshot by Jonathan Ferland.
13:50 of 3rd period - Shot Blocked by Jean-Luc Grand-Pierre.
13:52 of 3rd period - Slapshot by Mikhail Grabovski.
13:52 of 3rd period - Shot Misses the Net.
13:54 of 3rd period - Slapshot by Brad Marchand.
13:54 of 3rd period - Shot Blocked by Jason Demers.
13:56 of 3rd period - Slapshot by Derek Meech.
13:56 of 3rd period - Shot Misses the Net.
13:58 of 3rd period - Wrist shot by Andrej Meszaros.
13:58 of 3rd period - Deflect By Petteri Nokelainen.
13:58 of 3rd period - Goal by Andrej Meszaros - Inferno : 6 - Punishers : 2.
13:59 of 3rd period - Alyn McCauley wins face-off versus Mikhail Grabovski in neutral zone.
14:12 of 3rd period - Wrist shot by Mikhail Grabovski.
14:12 of 3rd period - Shot Misses the Net.
14:14 of 3rd period - Wrist shot by Brad Marchand.
14:14 of 3rd period - Stopped by Karri Ramo without a rebound.
14:15 of 3rd period - Colin Wilson wins face-off versus John Mitchell in Punishers zone.
14:30 of 3rd period - Wrist shot by Jozef Balej.
14:30 of 3rd period - Deflect By Tom Gilbert.
14:30 of 3rd period - Stopped by Karri Ramo without a rebound.
14:31 of 3rd period - Mikhail Grabovski wins face-off versus Alyn McCauley in Punishers zone.
14:42 of 3rd period - Jonathan Ferland is hit by Jason Demers and loses puck.
15:24 of 3rd period - Slapshot by Marc-André Bergeron.
15:24 of 3rd period - Shot Blocked by Derek Meech.
15:26 of 3rd period - Snap shot by Jean-Luc Grand-Pierre.
15:26 of 3rd period - Stopped by Josh Harding without a rebound.
15:27 of 3rd period - Alyn McCauley wins face-off versus Brian Boyle in Inferno zone.
15:52 of 3rd period - Snap shot by Pierre-Luc Létourneau.
15:52 of 3rd period - Stopped by Karri Ramo without a rebound.
15:53 of 3rd period - Mikhail Grabovski wins face-off versus John Mitchell in Punishers zone.
15:56 of 3rd period - Wrist shot by Brad Marchand.
15:56 of 3rd period - Shot Misses the Net.
16:01 of 3rd period - Off-side.
16:02 of 3rd period - John Mitchell wins face-off versus Mikhail Grabovski in neutral zone.
16:10 of 3rd period - John Mitchell and Brad Marchand fight to a draw.
16:10 of 3rd period - Penalty to John Mitchell for Fighting.
16:10 of 3rd period - Penalty to Brad Marchand for Fighting.
16:11 of 3rd period - Mikhail Grabovski wins face-off versus Alyn McCauley in Inferno zone.
16:24 of 3rd period - Off-side.
16:25 of 3rd period - Alyn McCauley wins face-off versus Mikhail Grabovski in neutral zone.
16:36 of 3rd period - Andrej Sekera is hit by Viktor Stalberg and loses puck.
16:53 of 3rd period - Slapshot by Jason Demers.
16:53 of 3rd period - Stopped by Josh Harding without a rebound.
16:54 of 3rd period - Brian Boyle wins face-off versus Tanner Glass in Inferno zone.
17:51 of 3rd period - Tom Gilbert is hit by Brendan Smith and loses puck.
18:22 of 3rd period - Justin Falk is hit by Brian Boyle and loses puck.
18:58 of 3rd period - Snap shot by Alyn McCauley.
18:58 of 3rd period - Shot Misses the Net.
19:13 of 3rd period - Kris Chucko is hit by Vladimir Zharkov and loses puck.
19:28 of 3rd period - Andrej Meszaros is hit by Adam Pineault and loses puck.
Output by the SimonT Hockey Simulator (STHS) for François Prévost -- Original Page W3C XHTML 1.0 Valid